 Dungeon Crawl Stone Soup version 0.31-a0-188-g5e087ee2ca (webtiles) character file.

Game seed: 17630393799434251416

55 qw the Shooter (level 3, -1/20 HPs)
             Began as a Deep Elf Hunter on June 23, 2023.
             Slain by a gnoll
             ... wielding a +0 club
              (4 damage)
             ... on level 2 of the Dungeon.
             The game lasted 00:00:22 (997 turns).

qw the Shooter (Deep Elf Hunter)                     Turns: 997, Time: 00:00:22

Health: -1/20      AC:  6    Str: 10    XL:     3   Next: 67%
Magic:  5/5        EV: 11    Int: 13    God:
Gold:   65         SH:  0    Dex: 18    Spells: 2/2 levels left

rFire   . . .        Y - +0 shortbow
rCold   . . .        (shield currently unavailable)
rNeg    . . .        j - +0 ring mail
rPois   .            (no helmet)
rElec   .            (no cloak)
rCorr   .            d - +0 pair of gloves
SInv    .            (no boots)
Will    .....        h - amulet of regeneration
Stlth   +            (no ring)
HPRegen 1.03/turn    (no ring)
MPRegen 0.09/turn

%: no passive effects
@: no status effects
A: no striking features
a: no special abilities


You were on level 2 of the Dungeon.
You visited 1 branch of the dungeon, and saw 2 of its levels.

You collected 65 gold pieces.


   Skills:
 - Level 1.5 Fighting
 + Level 7.2 Ranged Weapons
 - Level 2.4 Dodging
 - Level 1.2 Stealth


You had 2 spell levels left.
You didn't know any spells.
Your spell library was empty.

Inventory:

Hand Weapons
 Y - a +0 shortbow (weapon)
Armour
 a - a +1 ring mail of poison resistance
 d - a +0 pair of gloves (worn)
 j - a +0 ring mail (worn)
Jewellery
 e - an amulet of magic regeneration
 h - an amulet of regeneration (around neck)
Scrolls
 c - a scroll of poison {unknown}
 k - a scroll of identify
Potions
 b - a potion of brilliance {unknown}
 f - 3 potions of curing
 g - a potion of cancellation

Dungeon Overview and Level Annotations

Branches:
Dungeon (2/15)

Altars:
Xom


Message History

Enter note: You shoot an arrow.
The arrow barely misses the gnoll.
A gnoll comes into view. It is wielding a +0 flail.
You shoot an arrow. The arrow hits the gnoll.
The gnoll is moderately wounded.
You shoot an arrow.
The arrow hits the gnoll but does no damage.
The gnoll is moderately wounded.
You shoot an arrow. The arrow hits the gnoll.
The gnoll is severely wounded.
You shoot an arrow. The arrow hits the gnoll!
You kill the gnoll!
The gnoll closely misses you.
You shoot an arrow.
The arrow hits the gnoll but does no damage.
The gnoll closely misses you. The gnoll barely misses you.
You shoot an arrow. The arrow hits the gnoll.
The gnoll is lightly wounded.
You hear a shout!
The gnoll barely misses you.
You shoot an arrow. The arrow closely misses the gnoll.
The arrow hits the gnoll.
The gnoll is lightly wounded.
A gnoll comes into view. It is wielding a +0 spear.
The gnoll hits you with a +0 club.
You shoot an arrow.
The arrow hits the gnoll but does no damage.
The gnoll is lightly wounded.
The gnoll hits you with a +0 club. The gnoll barely misses you.
You shoot an arrow. The arrow hits the gnoll.
The gnoll is moderately wounded.
The gnoll closely misses you. The gnoll misses you.
The gnoll hits you with a +0 flail.
You shoot an arrow. The arrow hits the gnoll!
The gnoll is almost dead.
The gnoll closely misses you. The gnoll hits you with a +0 club.
The gnoll closely misses you. The gnoll hits you but does no damage.
The gnoll hits you from afar with a +0 spear.
The gnoll hits you with a +0 club.
You die...

...... . ..... ..
...( . #.##... . #.#
##.#...
.#######.####..#.g
....#..........gg#
##.%...#.##.#.#.@#
..%......##.#.#..#
...._....##.#....##
..............#...##
.......#...........##
...#................#
...####.............#
...# #.............#
....#..............##


You could see 3 gnolls.

Vanquished Creatures
  A gnoll (D:2)
  2 adders
  2 dart slugs (D:2)
  An endoplasm (D:2)
  A giant cockroach (D:2)
  2 hobgoblins
  2 jackals (D:1)
  6 kobolds
  A ball python (D:2)
  5 bats
  2 frilled lizards (D:1)
  A rat (D:2)
26 creatures vanquished.

Notes
Turn   | Place    | Note
-------+----------+-------------------------------------------
     0 | D:1      | qw the Deep Elf Hunter began the quest for the Orb.
     0 | D:1      | Reached XP level 1. HP: 12/12 MP: 3/3
     0 | D:1      | 0 ||| qw: Version: 0.3-a-9-g12657ce
     0 | D:1      | 0 ||| qw: Game counter: 4155
     0 | D:1      | 0 ||| qw: Always use a shield: true
     0 | D:1      | 0 ||| qw: God list: Okawaru
     0 | D:1      | 0 ||| qw: Allow faded altars: false
     0 | D:1      | 0 ||| qw: Do Orc after D:15 true
     0 | D:1      | 0 ||| qw: Do second Lair branch before Depths: true
     0 | D:1      | 0 ||| qw: Lair rune preference: random
     0 | D:1      | 0 ||| qw: Plans: Normal
     0 | D:1      | 0 ||| PLANNING D:1-11
   516 | D:1      | Reached XP level 2. HP: 16/16 MP: 4/4
   570 | D:1      | Reached skill level 6 in Ranged Weapons
   808 | D:1      | 808 ||| UPGRADING to +0 pair of gloves.
   813 | D:1      | 813 ||| UPGRADING to +0 ring mail.
   823 | D:1      | 823 ||| DROPPING +0 leather armour.
   824 | D:1      | 824 ||| UPGRADING to amulet of regeneration.
   829 | D:1      | 829 ||| DROPPING ring of wizardry.
   830 | D:1      | 830 ||| READING scroll labelled TORINIG XAM.
   831 | D:1      | 831 ||| READING 2 scrolls labelled DUOSUMI AGURI.
   832 | D:1      | 832 ||| DRINKING 3 sedimented clear potions.
   833 | D:1      | 833 ||| DRINKING 2 bubbling dark potions.
   834 | D:1      | 834 ||| DROPPING scroll of butterflies.
   860 | D:2      | 860 ||| STAIRDANCE
   877 | D:2      | Reached XP level 3. HP: 20/20 MP: 5/5
   896 | D:2      | 896 ||| Stepping ~*~*~tactically~*~*~ (outnumbered).
   944 | D:2      | Found a shimmering altar of Xom.
   969 | D:2      | Reached skill level 7 in Ranged Weapons
   997 | D:2      | HP: 3/20 [gnoll/+0 spear (4)]
   997 | D:2      | Slain by a gnoll

Levels and vault maps discovered:
D:1:      shiori_shiawase, layout_basic, serial_forest,
          infiniplex_forest_straight_2, infiniplex_forest_pool,
          infiniplex_forest_lined_corner, infiniplex_forest_straight_3,
          infiniplex_forest_end_1, infiniplex_forest_lined_2,
          infiniplex_forest_lined_4_way, infiniplex_forest_clump_small,
          infiniplex_forest_end_3
D:2:      layout_rooms, basic_altar, serial_shops, shop, minmay_diced_spiral

Skill      XL: |  1  2  3 |
---------------+----------+-----
Ranged Weapons | 6 7 |  7.2
Fighting       | |  1.5
Dodging        | |  2.4
Stealth        | |  1.2

Action                     || total
---------------------------++-------
   Fire: Shortbow          ||    77
    Use: Scroll            ||     2
         Potion            ||     2
 Armour: Leather armour    ||     1
         Ring mail         ||     8
  Dodge: Dodged            ||    28

Table legend:
 A = Non-vault XP
 B = Vault XP
 C = Vault XP percentage of total XP
 D = Non-vault monster count
 E = Vault monster count
 F = Vault count percentage of total count
                 A         B        C        D         E       F
            +---------+---------+-------+---------+---------+-------
      Total |      71 |       8 |  10.1 |      22 |       4 |  15.4
            +---------+---------+-------+---------+---------+-------
        D:1 |      28 |       0 |   0.0 |      11 |       0 |   0.0
        D:2 |      43 |       8 |  15.7 |      11 |       4 |  26.7
            +---------+---------+-------+---------+---------+-------
